 Dungeon Crawl Stone Soup version 0.29.1-2-gbd0b4ee654 (webtiles) character file.

Game seed: 11175919181246908024

102 qeuew the Trooper (level 4, -7/41 HPs)
             Began as a Hill Orc Fighter on Nov 15, 2022.
             Mangled by an ogre
             ... wielding a +0 giant spiked club
              (28 damage)
             ... on level 4 of the Dungeon.
             The game lasted 00:04:37 (2888 turns).

qeuew the Trooper (Hill Orc Fighter)                Turns: 2888, Time: 00:04:38

Health: -7/41      AC:  7    Str: 18    XL:     4   Next: 77%
Magic:  4/4        EV:  9    Int:  8    God:
Gold:   151        SH:  5    Dex: 12    Spells: 3/3 levels left

rFire   . . .      SeeInvis .   a - +0 war axe
rCold   . . .      Faith    .   c - +0 buckler
rNeg    . . .      Spirit   .   b - +0 scale mail
rPois   .          Reflect  .   (no helmet)
rElec   .          Harm     .   (no cloak)
rCorr   .          Rampage  .   (no gloves)
Will    .....                   (no boots)
Stlth   ..........              (no amulet)
HPRegen 0.13/turn               (no ring)
MPRegen 0.09/turn               (no ring)

@: no status effects
A: no striking features
a: no special abilities


You were on level 4 of the Dungeon.
You visited 1 branch of the dungeon, and saw 4 of its levels.

You collected 151 gold pieces.

Inventory:

Hand Weapons
 a - a +0 war axe (weapon)
Missiles
 e - a throwing net (quivered)
Armour
 b - a +0 scale mail (worn)
 c - a +0 buckler (worn)
Scrolls
 i - a scroll of amnesia
Potions
 d - a potion of might
 f - a potion of magic
 h - a potion of berserk rage
 k - a potion of heal wounds


   Skills:
 + Level 4.3 Fighting
 + Level 3.7 Axes
 + Level 3.9 Armour
 + Level 1.2 Dodging
 + Level 3.8 Shields


You had 3 spell levels left.
You didn't know any spells.
Your spell library contained the following spells:

 Spells                   Type           Power      Damage    Failure   Level
 Freeze                   Ice            0%         1d3       86%         1
 Sandblast                Erth           0%         2d4       86%         1
 Passwall                 Tmut/Erth      0%         N/A       95%         2
 Frozen Ramparts          Ice            0%         1d1       99%         3
 Ignite Poison            Fire/Tmut/Pois 0%         N/A       99%         3
 Mephitic Cloud           Conj/Pois/Air  0%         N/A       99%         3
 Stone Arrow              Conj/Erth      0%         3d7       99%         3
 Hailstorm                Conj/Ice       0%         3d3       100%        4
 Freezing Cloud           Conj/Ice/Air   0%         6-21      100%        5
 Summon Forest            Summ/Tloc      0%         N/A       100%        5
 Summon Mana Viper        Hex/Summ       0%         N/A       100%        5
 Summon Cactus Giant      Summ           0%         N/A       100%        6


Dungeon Overview and Level Annotations

Branches:
Dungeon (4/15)
 Temple: D:4-7

Altars:
Zin


Message History

You kill the goblin!
A hobgoblin comes into view.
There are monsters nearby!
The hobgoblin shouts!
Things that are here:
a +0 club; a goblin corpse
There are monsters nearby!
There are monsters nearby!
You hit the ogre.
The ogre is lightly wounded.
You block the ogre's attack.
You barely miss the ogre.
The ogre is lightly wounded.
The ogre hits you with a +0 giant spiked club!!
You slash the ogre!
The ogre is moderately wounded.
You hit the hobgoblin. The ogre barely misses you.
The hobgoblin closely misses you.
You hit the ogre.
The ogre is heavily wounded.
You closely miss the hobgoblin.
An adder comes into view.
The hobgoblin completely misses you. You block the ogre's attack.
You barely miss the ogre.
The ogre is heavily wounded.
You closely miss the hobgoblin.
The adder hisses angrily.
The hobgoblin hits you.
A ball python comes into view.
You block the hobgoblin's attack. The ogre barely misses you.
The ball python hisses angrily.
You hit the ogre.
The ogre is severely wounded.
You hit the hobgoblin.
You kill the hobgoblin!
You hit the ogre.
The ogre is almost dead.
The ogre hits you with a +0 giant spiked club!!
Ouch! That really hurt!
You die...

..# .. #...<. ####$. #.
#####.#.##
##.....###.####.....#..#
........##......######.#
.........##..........#.#
.........#..########....
...........## ..
........)### #[
.....S.@.# ......O†.#
........## .._......
...S##### ...# ... ..


You could see an ogre, an adder and a ball python.

Vanquished Creatures
  3 adders
  A gnoll (D:1)
  A worm (D:3)
  2 dart slugs (D:2)
  An orc (D:4)
  3 ball pythons
  3 bats
  3 endoplasms
  3 giant cockroaches
  10 goblins
  6 hobgoblins
  A quokka (D:2)
  5 frilled lizards
  8 kobolds
  7 rats
57 creatures vanquished.

Notes
Turn   | Place    | Note
-------+----------+-------------------------------------------
     0 | D:1      | qeuew the Hill Orc Fighter began the quest for the Orb.
     0 | D:1      | Reached XP level 1. HP: 19/19 MP: 1/1
   296 | D:1      | Reached XP level 2. HP: 27/27 MP: 2/2
   648 | D:1      | Reached XP level 3. HP: 26/33 MP: 3/3
   852 | D:1      | Reached skill level 4 in Fighting
  1338 | D:2      | Reached skill level 1 in Dodging
  1431 | D:2      | Reached XP level 4. HP: 40/40 MP: 4/4
  2312 | D:3      | Found the +4 robe of Folly {Brilliance Will-∞ Int+8}
  2411 | D:3      | Found a faded altar of an unknown god.
  2878 | D:4      | Found a glowing silver altar of Zin.
  2878 | D:4      | Noticed an ogre
  2888 | D:4      | Mangled by an ogre

Illustrated notes

Levels and vault maps discovered:
D:1:      minmay_arrival_cross, layout_basic
D:2:      layout_loops_cross
D:3:      layout_loops_cross, basic_ecumenical_altar, roderic_serpentine_path,
          chequers_hall_statues_y, grunt_ministairs_13,
          minmay_misc_feat_more_columns
D:4:      layout_rooms, grunt_temple_overflow_open

Skill      XL: |  1  2  3 |
---------------+----------+-----
Axes           | 3 |  3.7
Fighting       | 4 |  4.3
Dodging        | 1 |  1.2
Armour         | |  3.9
Shields        | |  3.8

Action                   |  1- 3 |  4- 6 || total
-------------------------+-------+-------++-------
Melee: War axe           |    94 |    60 ||   154
  Use: Scroll            |     3 |     5 ||     8
       Potion            |     1 |     1 ||     2
Armor: Scale mail        |    39 |    19 ||    58
Dodge: Dodged            |    30 |    26 ||    56
Block: Buckler           |    22 |    10 ||    32
